 Dungeon Crawl Stone Soup version 0.21.1-1-g345015f (webtiles) character file.

54 inc the Scratcher (level 3, 17/17 HPs)
             Began as a Felid Monk on Mar 7, 2018.
             Quit the game on level 3 of the Dungeon.
             The game lasted 00:02:08 (1387 turns).

inc the Scratcher (Felid Monk)                      Turns: 1387, Time: 00:02:09

Health: 17/17      AC:  1    Str:  7    XL:     3   Next: 66%
Magic:  4/4        EV: 19    Int: 12    God:
Gold:   107        SH:  0    Dex: 18    Spells: 2/2 levels left
                                        Lives:  0   Deaths: 1

rFire    . . .     SeeInvis +     - Unarmed
rCold    . . .     Gourm    .   (shield unavailable)
rNeg     . . .     Faith    .   (armour unavailable)
rPois    .         Spirit   .   (helmet unavailable)
rElec    .         Reflect  .   (cloak unavailable)
rCorr    .         Harm     .   (gloves unavailable)
MR       .....                  (boots unavailable)
Stlth    +++.......             j - amulet of magic regeneration
HPRegen  0.05/turn              (no ring)
MPRegen  0.34/turn              (no ring)

@: quick
A: very small, no armour, no weapons or thrown items, stealth, claws 1, fangs 3,
see invisible, carnivore, speed 1, shaggy fur 1, slow metabolism 1, sharp paws
a: no special abilities


You were on level 3 of the Dungeon.
You were not hungry.

You visited 1 branch of the dungeon, and saw 4 of its levels.

You collected 107 gold pieces.

Inventory:

Jewellery
 j - an amulet of magic regeneration (around neck)
Scrolls
 b - a scroll of remove curse {unknown}
 d - a scroll of fog {unknown}
 f - a scroll of amnesia {unknown}
 h - 3 scrolls of identify {unknown}
 m - a scroll of teleportation {unknown}
Potions
 c - 3 potions of lignification
 e - 3 potions of curing {unknown}
 g - a potion of resistance {unknown}
 i - a potion of ambrosia {unknown}
 k - 2 potions of invisibility {unknown}
 l - a potion of flight {unknown}
Comestibles
 a - 4 rations


   Skills:
 - Level 3.0 Fighting
 - Level 4.0 Dodging
 - Level 2.6 Stealth
 + Level 5.5 Unarmed Combat


You had 2 spell levels left.
You didn't know any spells.

Dungeon Overview and Level Annotations

Branches:
Dungeon (4/15)
 Temple: D:4-7

Altars:
Xom

Annotations:
D:2 Robin
D:4 Mirai's ghost, amateur HOFi


Innate Abilities, Weirdness & Mutations

You cannot wear armour.
You are incapable of wielding weapons or throwing items.
Your paws allow you to move quietly. (Stealth)
You have sharp claws.
You have razor-sharp teeth.
You have supernaturally acute eyesight. (SInv)
You are carnivorous and can eat meat at any time.
You cover ground quickly.
You are covered in fur. (AC +1)
You have a slow metabolism.
Your sharp claws are effective at attacking unaware monsters.


Message History

The orc wizard is moderately wounded.
The orc wizard hits you but does no damage.
The orc hits you with a flail!
Ouch! That really hurt!
You are too injured to fight recklessly!
You are too injured to fight recklessly!
You are too injured to fight recklessly!
You are too injured to fight recklessly!
You are too injured to fight recklessly!
You are too injured to fight recklessly!
The orc wizard gestures wildly while chanting.
The orc wizard seems to speed up.
The orc wizard gestures at you while chanting.
The puff of flame hits you!
You die...
The orc wizard casts a spell at you. The puff of frost hits you!
You are now level 3!
You rejoin the land of the living...
Are you sure you want to abandon this character and quit the game? (Confirm with "yes".)

#.#.# #.#
#.#.###############.#
#.#.##..............#
#.#.##.###.######.###
##....#.........##.#
#.......###.###.##.# ##
#.....#.# #(# #.##†# #.
#..#.##.###.###.##)###.
#..#..@................
#..####.###<###.#..#.##
#.<####.###........#.#
#...............#..#.#
#.#####..^.......[.#.##
#. #####.[.........)
#..............
#............#.
...............#.


There were no monsters in sight!

Vanquished Creatures
  An orc priest (D:3)
  An orc wizard (D:3)
  An adder (D:3)
  An ooze (D:3)
  A worm (D:3)
  A dart slug (D:1)
  A leopard gecko (D:3)
  6 orcs (D:3)
  2 giant cockroaches (D:3)
  5 goblins
  2 hobgoblins (D:1)
  7 bats
  2 frilled lizards
  3 kobolds
  2 rats
36 creatures vanquished.

Notes
Turn   | Place    | Note
-------+----------+-------------------------------------------
     0 | D:1      | inc the Felid Monk began the quest for the Orb.
     0 | D:1      | Reached XP level 1. HP: 10/10 MP: 2/2
   339 | D:1      | Reached XP level 2. HP: 10/14 MP: 3/3
   417 | D:1      | Found a shimmering altar of Xom.
   789 | D:2      | Noticed Robin
   824 | D:3      | Reached skill level 4 in Unarmed Combat
   925 | D:3      | Reached XP level 3. HP: 16/17 MP: 4/4
   932 | D:4      | Noticed Mirai's ghost (amateur HOFi)
   950 | D:3      | Reached skill level 5 in Unarmed Combat
   950 | D:3      | Reached XP level 4. HP: 13/21 MP: 5/5
  1372 | D:3      | Found a faded altar of an unknown god.
  1386 | D:3      | Killed from afar by an orc wizard
  1387 | D:3      | Reached XP level 3. HP: -1/17 MP: 4/4
  1387 | D:3      | Quit the game

Skill      XL: |  1  2  3 |
---------------+----------+-----
Unarmed Combat | 4 5 |  5.5
Fighting       | |  3.0
Dodging        | |  4.0
Stealth        | |  2.6

Action                   |  1- 3 |  4- 6 || total
-------------------------+-------+-------++-------
Melee: Unarmed           |    81 |    34 ||   115
       Bite              |     4 |     2 ||     6
  Use: Potion            |     1 |       ||     1
 Stab: Sleeping          |     4 |     1 ||     5
       Distracted        |       |     2 ||     2
  Eat: Chunk             |     1 |       ||     1
Armor: Skin              |    21 |     1 ||    22
Dodge: Dodged            |   103 |    19 ||   122
